| TOP OF THE 1ST |
|
Reno Aces batting - Pitching for Memphis Redbirds : RHP Ryan Manley
|
|
Pitching: RHP Ryan Manley
|
|
|
Batting: RHB Joe Smack
|
0-0: Fly out, F3 (Popup, 3S, EV 81.9 MPH)
|
|
Batting: RHB Scott Travis
|
0-0: Ball 1-0: Ball 2-0: Called Strike 2-1: Fly out, F9 (Flyball, 89M, EV 84.4 MPH)
|
|
Batting: LHB Roy Steigerwald
|
0-0: Ball 1-0: Called Strike 1-1: Fly out, F7 (Flyball, 7S, EV 95.6 MPH)
|
| Top of the 1st over - 0 runs, 0 hits, 0 errors, 0 left on base; Reno 0 - Memphis 0 |
| BOTTOM OF THE 1ST |
|
Memphis Redbirds batting - Pitching for Reno Aces : LHP John Salzmann
|
|
Pitching: LHP John Salzmann
|
|
|
Batting: SHB Luke Robbins
|
0-0: Foul Ball, location: 2F 0-1: Foul Ball, location: 2F 0-2: Ball 1-2: Ball 2-2: Foul Ball, location: 2F 2-2: Strikes out swinging
|
|
Batting: LHB Jesus Ramirez
|
0-0: Ball 1-0: Called Strike 1-1: Fly out, F8 (Flyball, 8RM, EV 76.2 MPH)
|
|
Batting: RHB Nick Gentzel
|
0-0: Ball 1-0: Ball 2-0: Foul Ball, location: 2F 2-1: Ground out 5-3 (Groundball, 5S, EV 90.6 MPH)
|
| Bottom of the 1st over - 0 runs, 0 hits, 0 errors, 0 left on base; Reno 0 - Memphis 0 |
| TOP OF THE 2ND |
|
Reno Aces batting - Pitching for Memphis Redbirds : RHP Ryan Manley
|
|
Batting: RHB Israel Gaona
|
0-0: Swinging Strike 0-1: Ball 1-1: Called Strike 1-2: Fly out, F8 (Line Drive, 8LD, EV 87.5 MPH)
|
|
Batting: SHB Nestor Ramirez
|
0-0: Ball 1-0: Ball 2-0: Fly out, F9 (Flyball, 9S, EV 73.1 MPH)
|
|
Batting: RHB Alex Vasquez
|
0-0: Ball 1-0: Called Strike 1-1: Ball 2-1: Ball 3-1: Ground out 6-3 (Groundball, 6S, EV 86.9 MPH)
|
| Top of the 2nd over - 0 runs, 0 hits, 0 errors, 0 left on base; Reno 0 - Memphis 0 |
| BOTTOM OF THE 2ND |
|
Memphis Redbirds batting - Pitching for Reno Aces : LHP John Salzmann
|
|
Batting: RHB Eric Chotkowski
|
0-0: Called Strike 0-1: Ball 1-1: Called Strike 1-2: Ball 2-2: Ground out 4-3 (Groundball, 4, EV 78.8 MPH)
|
|
Batting: SHB Quido van Erp
|
0-0: Fly out, F8 (Flyball, 8LXD, EV 98.1 MPH)
|
|
Batting: RHB David Fernandez
|
0-0: Ball 1-0: Foul Ball, location: 2F 1-1: Swinging Strike 1-2: Strikes out looking
|
| Bottom of the 2nd over - 0 runs, 0 hits, 0 errors, 0 left on base; Reno 0 - Memphis 0 |
| TOP OF THE 3RD |
|
Reno Aces batting - Pitching for Memphis Redbirds : RHP Ryan Manley
|
|
Batting: RHB Juan Espinoza
|
0-0: Ball 1-0: Foul Ball, location: 2F 1-1: Foul Ball, location: 2F 1-2: Ball 2-2: Ball 3-2: Ground out 4-3 (Groundball, 4, EV 90.0 MPH)
|
|
Batting: RHB Tai Joo
|
0-0: Called Strike 0-1: Reached on error, E4 (Groundball, 4D, EV 93.8 MPH)
|
|
Batting: RHB Paul Van Gilder
|
0-0: Ground out 6-3 (Groundball, 6, EV 82.5 MPH)
|
|
Batting: RHB Joe Smack
|
0-0: Ball 1-0: Foul Ball, location: 2F 1-1: Ball 2-1: SINGLE (Groundball, 4MD, EV 98.8 MPH) Tai Joo to third Runner from 3rd tries for Home, SAFE, throw by CF to home
|
|
Batting: RHB Scott Travis
|
0-0: Ball Joe Smack steals 2nd base 1-0: Called Strike 1-1: Ball 2-1: Called Strike 2-2: Foul Ball, location: 2F 2-2: Foul Ball, location: 2F 2-2: Foul Ball, location: 2F 2-2: Ground out 3-1 (Groundball, 34S, EV 88.8 MPH)
|
| Top of the 3rd over - 1 run, 1 hit, 1 error, 1 left on base; Reno 1 - Memphis 0 |
| BOTTOM OF THE 3RD |
|
Memphis Redbirds batting - Pitching for Reno Aces : LHP John Salzmann
|
|
Batting: LHB Melvin Salgado
|
0-0: Ball 1-0: Ground out 4-3 (Groundball, 34, EV 108.1 MPH)
|
|
Batting: RHB Nick Getz
|
0-0: Ground out 6-3 (Groundball, 6, EV 108.8 MPH)
|
|
Batting: RHB Tony Mendez
|
0-0: Fly out, F8 (Flyball, 8RD, EV 105.0 MPH)
|
| Bottom of the 3rd over - 0 runs, 0 hits, 0 errors, 0 left on base; Reno 1 - Memphis 0 |
| TOP OF THE 4TH |
|
Reno Aces batting - Pitching for Memphis Redbirds : RHP Ryan Manley
|
|
Batting: LHB Roy Steigerwald
|
0-0: Swinging Strike 0-1: Called Strike 0-2: Strikes out looking
|
|
Batting: RHB Israel Gaona
|
0-0: Called Strike 0-1: Called Strike 0-2: Foul Ball, location: 2F 0-2: Ball 1-2: Ball 2-2: Ground out 6-3 (Groundball, 6S, EV 65.0 MPH)
|
|
Batting: SHB Nestor Ramirez
|
0-0: Called Strike 0-1: Foul Ball, location: 2F 0-2: Ball 1-2: Foul Ball, location: 2F 1-2: Foul Ball, location: 2F 1-2: Ball 2-2: Foul Ball, location: 2F 2-2: Foul Ball, location: 2F 2-2: Ball 3-2: Foul Ball, location: 2F 3-2: Fly out, F5 (Popup, 5L, EV 61.9 MPH)
|
| Top of the 4th over - 0 runs, 0 hits, 0 errors, 0 left on base; Reno 1 - Memphis 0 |
| BOTTOM OF THE 4TH |
|
Memphis Redbirds batting - Pitching for Reno Aces : LHP John Salzmann
|
|
Batting: SHB Luke Robbins
|
0-0: Ball 1-0: Ball 2-0: Ball 3-0: Foul Ball, location: 2F 3-1: Foul Ball, location: 2F 3-2: Strikes out swinging
|
|
Batting: LHB Jesus Ramirez
|
0-0: Called Strike 0-1: Ball 1-1: Ball 2-1: SOLO HOME RUN (Flyball, 9D, EV 98.1 MPH), Distance : 368 ft
|
|
Batting: RHB Nick Gentzel
|
0-0: Foul Ball, location: 2F 0-1: Foul Ball, location: 2F 0-2: SINGLE (Line Drive, 89S, EV 96.2 MPH)
|
|
Batting: RHB Eric Chotkowski
|
0-0: Foul Ball, location: 2F 0-1: Ball 1-1: Ball 2-1: Ball 3-1: Foul Ball, location: 2F 3-2: SINGLE (Flyball, 6MD, EV 89.4 MPH) Nick Gentzel to second Nick Gentzel to third
|
|
Batting: SHB Quido van Erp
|
0-0: Foul Ball, location: 2F 0-1: Grounds into double play, 6-4-3 (Groundball, 6, EV 106.2 MPH)
|
| Bottom of the 4th over - 1 run, 3 hits, 0 errors, 1 left on base; Reno 1 - Memphis 1 |
| TOP OF THE 5TH |
|
Reno Aces batting - Pitching for Memphis Redbirds : RHP Ryan Manley
|
|
Batting: RHB Alex Vasquez
|
0-0: Ball 1-0: Fly out, F3 (Popup, 34, EV 81.9 MPH)
|
|
Batting: RHB Juan Espinoza
|
0-0: Ball 1-0: Foul Ball, location: 2F 1-1: Ball 2-1: Foul Ball, location: 2F 2-2: Ball 3-2: Base on Balls
|
|
Batting: RHB Tai Joo
|
0-0: Ball Wild Pitch! Juan Espinoza to second 1-0: Ground out U3 (Groundball, 3, EV 86.9 MPH) Juan Espinoza to third
|
|
Batting: RHB Paul Van Gilder
|
0-0: Ball 1-0: Called Strike 1-1: Foul Ball, location: 2F 1-2: Foul Ball, location: 2F 1-2: Ball 2-2: Strikes out swinging
|
| Top of the 5th over - 0 runs, 0 hits, 0 errors, 1 left on base; Reno 1 - Memphis 1 |
| BOTTOM OF THE 5TH |
|
Memphis Redbirds batting - Pitching for Reno Aces : LHP John Salzmann
|
|
Batting: RHB David Fernandez
|
0-0: Swinging Strike 0-1: Called Strike 0-2: Ball 1-2: Strikes out swinging
|
|
Batting: LHB Melvin Salgado
|
0-0: Ball 1-0: Called Strike 1-1: Swinging Strike 1-2: Ball 2-2: Strikes out swinging
|
|
Batting: RHB Nick Getz
|
0-0: Called Strike 0-1: Ball 1-1: Ball 2-1: Fly out, F7 (Line Drive, 7, EV 98.1 MPH)
|
| Bottom of the 5th over - 0 runs, 0 hits, 0 errors, 0 left on base; Reno 1 - Memphis 1 |
| TOP OF THE 6TH |
|
Reno Aces batting - Pitching for Memphis Redbirds : RHP Ryan Manley
|
|
Batting: RHB Joe Smack
|
0-0: Ball 1-0: Foul Ball, location: 2F 1-1: Ground out 6-3 (Groundball, 6, EV 86.9 MPH)
|
|
Batting: RHB Scott Travis
|
0-0: Ball 1-0: Ball 2-0: Foul Ball, location: 2F 2-1: Fly out, F9 (Flyball, 9LD, EV 92.5 MPH)
|
|
Batting: LHB Roy Steigerwald
|
0-0: Ball 1-0: Ball 2-0: Ball 3-0: Base on Balls
|
|
Batting: RHB Israel Gaona
|
0-0: Ball Roy Steigerwald is caught stealing 2nd base 2-4
|
| Top of the 6th over - 0 runs, 0 hits, 0 errors, 0 left on base; Reno 1 - Memphis 1 |
| BOTTOM OF THE 6TH |
|
Memphis Redbirds batting - Pitching for Reno Aces : LHP John Salzmann
|
|
Batting: RHB Tony Mendez
|
0-0: Ground out 1-3 (Groundball, P, EV 68.8 MPH)
|
|
Batting: SHB Luke Robbins
|
0-0: Ball 1-0: Ball 2-0: Ball 3-0: Base on Balls
|
|
Batting: LHB Jesus Ramirez
|
0-0: Ball 1-0: Called Strike Luke Robbins is caught stealing 2nd base 2-6 1-1: Ball 2-1: Ball 3-1: Foul Ball, location: 2F 3-2: Strikes out swinging
|
| Bottom of the 6th over - 0 runs, 0 hits, 0 errors, 0 left on base; Reno 1 - Memphis 1 |
| TOP OF THE 7TH |
|
Reno Aces batting - Pitching for Memphis Redbirds : RHP Ryan Manley
|
|
Batting: RHB Israel Gaona
|
0-0: Called Strike 0-1: Ball 1-1: Foul Ball, location: 2F 1-2: SINGLE (Groundball, 6MD, EV 102.5 MPH)
|
|
Batting: SHB Nestor Ramirez
|
0-0: Called Strike Israel Gaona steals 2nd base 0-1: Ball 1-1: Intentional Walk
|
|
Batting: RHB Alex Vasquez
|
0-0: Called Strike 0-1: Ball 1-1: Ball 2-1: Ground out 5-3 (Groundball, 5L, EV 86.9 MPH) Israel Gaona to third Nestor Ramirez to second
|
|
Batting: RHB Juan Espinoza
|
0-0: Ball 1-0: Ball 2-0: Ground out 6-3 (Groundball, 6S, EV 88.1 MPH)
|
|
Batting: RHB Tai Joo
|
0-0: Foul Ball, location: 2F 0-1: Ball 1-1: Swinging Strike 1-2: Ball 2-2: Foul Ball, location: 2F 2-2: Foul Ball, location: 2F 2-2: Strikes out looking
|
| Top of the 7th over - 0 runs, 1 hit, 0 errors, 2 left on base; Reno 1 - Memphis 1 |
| BOTTOM OF THE 7TH |
|
Memphis Redbirds batting - Pitching for Reno Aces : LHP John Salzmann
|
|
Batting: RHB Nick Gentzel
|
0-0: Called Strike 0-1: Swinging Strike 0-2: Ground out 4-3 (Groundball, 4S, EV 89.4 MPH)
|
|
Batting: RHB Eric Chotkowski
|
0-0: Ball 1-0: Ball 2-0: Fly out, F7 (Flyball, 78D, EV 103.8 MPH)
|
|
Batting: SHB Quido van Erp
|
0-0: Called Strike 0-1: Called Strike 0-2: Ball 1-2: Ball 2-2: Ball 3-2: Ground out 6-3 (Groundball, 6, EV 102.5 MPH)
|
| Bottom of the 7th over - 0 runs, 0 hits, 0 errors, 0 left on base; Reno 1 - Memphis 1 |
| TOP OF THE 8TH |
|
Reno Aces batting - Pitching for Memphis Redbirds : RHP Ryan Manley
|
|
Pitching: RHP Rafael Gonzales
|
|
|
Batting: RHB Paul Van Gilder
|
0-0: Ground out 5-3 (Groundball, 56, EV 78.8 MPH)
|
|
Batting: RHB Joe Smack
|
0-0: Ball 1-0: Ball 2-0: Foul Ball, location: 2F 2-1: Foul Ball, location: 2F 2-2: Ball 3-2: Fly out, F7 (Flyball, 7LS, EV 84.4 MPH)
|
|
Batting: RHB Scott Travis
|
0-0: Bunt missed! 0-1: Foul Ball, location: 2F 0-2: Ball 1-2: Ball 2-2: Foul Ball, location: 2F 2-2: Fly out, F7 (Flyball, 7D, EV 96.2 MPH)
|
| Top of the 8th over - 0 runs, 0 hits, 0 errors, 0 left on base; Reno 1 - Memphis 1 |
| BOTTOM OF THE 8TH |
|
Memphis Redbirds batting - Pitching for Reno Aces : LHP John Salzmann
|
|
Batting: RHB David Fernandez
|
0-0: Ball 1-0: Called Strike 1-1: Ball 2-1: Foul Ball, location: 2F 2-2: Ground out 2-3 (Groundball, 2L, EV 65.0 MPH)
|
|
Batting: LHB Melvin Salgado
|
0-0: Called Strike 0-1: Swinging Strike 0-2: Strikes out swinging
|
|
DELAY
|
Rain delay of 53 minutes in the 8th inning.
|
|
Pitching: RHP Bill Pauley
|
|
|
Batting: RHB Nick Getz
|
0-0: Called Strike 0-1: SINGLE (Line Drive, 8LS, EV 95.0 MPH)
|
|
Batting: RHB Tony Mendez
|
0-0: Called Strike 0-1: Ball 1-1: Swinging Strike 1-2: Ball 2-2: Strikes out looking
|
| Bottom of the 8th over - 0 runs, 1 hit, 0 errors, 1 left on base; Reno 1 - Memphis 1 |
| TOP OF THE 9TH |
|
Reno Aces batting - Pitching for Memphis Redbirds : RHP Rafael Gonzales
|
|
Pitching: RHP Josh Sabatino
|
|
|
Batting: LHB Roy Steigerwald
|
0-0: SINGLE (Groundball, 6S, EV 76.9 MPH) (infield hit)
|
|
Batting: RHB Israel Gaona
|
0-0: Ball 1-0: SINGLE (Groundball, 6D, EV 104.4 MPH) Roy Steigerwald to second
|
|
Batting: SHB Nestor Ramirez
|
0-0: Foul Ball, location: 2F 0-1: Foul Ball, location: 2F 0-2: Strikes out swinging
|
|
Batting: RHB Alex Vasquez
|
0-0: Called Strike 0-1: Fly out, F7 (Flyball, 7LD, EV 98.8 MPH)
|
|
Pinch Hitting: SHB Troy Maynard
|
0-0: Called Strike 0-1: Foul Ball, location: 2F 0-2: Ball 1-2: Ball 2-2: Strikes out looking
|
| Top of the 9th over - 0 runs, 2 hits, 0 errors, 2 left on base; Reno 1 - Memphis 1 |
| BOTTOM OF THE 9TH |
|
Memphis Redbirds batting - Pitching for Reno Aces : RHP Bill Pauley
|
|
Now in RF: Shane Smith
|
|
|
Batting: SHB Luke Robbins
|
0-0: Swinging Strike 0-1: Foul Ball, location: 2F 0-2: Foul Ball, location: 2F 0-2: Ball 1-2: Ball 2-2: Ball 3-2: Foul Ball, location: 2F 3-2: DOUBLE (Flyball, 9LD, EV 106.9 MPH)
|
|
Pitching: LHP Randy Eisenmann
|
|
|
Batting: LHB Jesus Ramirez
|
0-0: Called Strike 0-1: Foul Ball, location: 2F 0-2: Ball 1-2: Foul Ball, location: 2F 1-2: Ball 2-2: Fly out, F9 (Flyball, 9LS, EV 84.4 MPH)
|
|
Batting: RHB Nick Gentzel
|
0-0: Fly out, F7 (Line Drive, 7, EV 104.4 MPH)
|
|
Batting: RHB Eric Chotkowski
|
0-0: Ball 1-0: Foul Ball, location: 2F 1-1: Called Strike 1-2: Foul Ball, location: 2F 1-2: Ball 2-2: Fly out, F9 (Flyball, 9LM, EV 89.4 MPH)
|
| Bottom of the 9th over - 0 runs, 1 hit, 0 errors, 1 left on base; Reno 1 - Memphis 1 |
| TOP OF THE 10TH |
|
Reno Aces batting - Pitching for Memphis Redbirds : RHP Josh Sabatino
|
|
Pinch Hitting: LHB Ruben Rocha
|
0-0: Ball 1-0: Foul Ball, location: 2F 1-1: Called Strike 1-2: Ball 2-2: Strikes out swinging
|
|
Batting: RHB Paul Van Gilder
|
0-0: Swinging Strike 0-1: Ball 1-1: Ball 2-1: Swinging Strike 2-2: Strikes out swinging
|
|
Batting: RHB Joe Smack
|
0-0: Ball 1-0: Ball 2-0: Called Strike 2-1: Foul Ball, location: 2F 2-2: Ball 3-2: SINGLE (Groundball, 4MD, EV 96.9 MPH)
|
|
Batting: RHB Scott Travis
|
0-0: Called Strike Joe Smack steals 2nd base 0-1: SINGLE (Flyball, 56D, EV 95.0 MPH) Joe Smack to third
|
|
Batting: LHB Roy Steigerwald
|
0-0: Ball 1-0: Called Strike 1-1: Called Strike 1-2: Ball 2-2: Foul Ball, location: 2F 2-2: Foul Ball, location: 2F 2-2: SINGLE (Groundball, 34D, EV 97.5 MPH) Joe Smack scores Scott Travis to second Runner from 2nd tries for 3rd, OUT! 9-5
|
| Top of the 10th over - 1 run, 3 hits, 0 errors, 1 left on base; Reno 2 - Memphis 1 |
| BOTTOM OF THE 10TH |
|
Memphis Redbirds batting - Pitching for Reno Aces : LHP Randy Eisenmann
|
|
Pitching: LHP Mario Valdivia
|
|
|
Now at 3B: Toichiro Fujimoto
|
|
|
Batting: SHB Quido van Erp
|
0-0: Ball 1-0: Ball 2-0: Foul Ball, location: 2F 2-1: Ball 3-1: Swinging Strike 3-2: Foul Ball, location: 2F 3-2: Base on Balls
|
|
Batting: RHB David Fernandez
|
0-0: Ball 1-0: Called Strike 1-1: Ball 2-1: Called Strike 2-2: Foul Ball, location: 2F 2-2: Ball 3-2: Foul Ball, location: 2F 3-2: Strikes out swinging
|
|
Pinch Hitting: RHB Dave Cluster
|
0-0: Ball 1-0: Ball 2-0: Ball 3-0: Base on Balls Quido van Erp to second
|
|
Batting: RHB Nick Getz
|
0-0: Called Strike 0-1: SINGLE (Groundball, 25, EV 66.2 MPH) (infield hit) Quido van Erp to third Dave Cluster to second
|
|
Batting: RHB Tony Mendez
|
0-0: Ball 1-0: Swinging Strike 1-1: Foul Ball, location: 2F 1-2: Strikes out swinging
|
|
Batting: SHB Luke Robbins
|
0-0: SINGLE (Line Drive, 9S, EV 99.4 MPH) Quido van Erp scores Dave Cluster to third Nick Getz to second Runner from 3rd tries for Home, throw by RF and OUT! 9-2
|
| Bottom of the 10th over - 1 run, 2 hits, 0 errors, 2 left on base; Reno 2 - Memphis 2 |
| TOP OF THE 11TH |
|
Reno Aces batting - Pitching for Memphis Redbirds : RHP Josh Sabatino
|
|
Pitching: LHP Michael Colin
|
|
|
Now in RF: Tim Olsen
|
|
|
Batting: RHB Israel Gaona
|
0-0: Foul Ball, location: 2F 0-1: Ball 1-1: SINGLE (Groundball, 6MD, EV 96.9 MPH)
|
|
Batting: SHB Nestor Ramirez
|
0-0: Ball Israel Gaona steals 2nd base 1-0: Foul Ball, location: 2F 1-1: Called Strike 1-2: Ground out 5-3 (Groundball, 56, EV 78.1 MPH)
|
|
Batting: RHB Alex Vasquez
|
0-0: Foul Ball, location: 2F 0-1: Swinging Strike 0-2: Foul Ball, location: 2F 0-2: Strikes out swinging
|
|
Batting: RHB Shane Smith
|
0-0: Ball 1-0: Called Strike 1-1: Called Strike 1-2: Ball 2-2: Foul Ball, location: 2F 2-2: Foul Ball, location: 2F 2-2: Foul Ball, location: 2F 2-2: Ball 3-2: Foul Ball, location: 2F 3-2: Ground out 5-3 (Groundball, 56, EV 95.0 MPH)
|
| Top of the 11th over - 0 runs, 1 hit, 0 errors, 1 left on base; Reno 2 - Memphis 2 |
| BOTTOM OF THE 11TH |
|
Memphis Redbirds batting - Pitching for Reno Aces : LHP Mario Valdivia
|
|
Pitching: RHP Jarrod Kenny
|
|
|
Batting: LHB Jesus Ramirez
|
0-0: Ball 1-0: Ball 2-0: Ball 3-0: Called Strike 3-1: Foul Ball, location: 2F 3-2: Ground out 2-3 (Groundball, 2R, EV 73.1 MPH)
|
|
Batting: RHB Nick Gentzel
|
0-0: Ball 1-0: Ball 2-0: SINGLE (Groundball, 34D, EV 106.9 MPH)
|
|
Batting: RHB Eric Chotkowski
|
0-0: Ball 1-0: Swinging Strike 1-1: SINGLE (Flyball, 3D, EV 90.0 MPH) Nick Gentzel to second Runner from 2nd tries for 3rd, SAFE, throw by RF made to third
|
|
Batting: SHB Quido van Erp
|
0-0: Swinging Strike 0-1: Foul Ball, location: 2F 0-2: Foul Ball, location: 2F 0-2: Ball 1-2: Fly out, F8 (Flyball, 89M, EV 83.8 MPH) Runner from 3rd tags up, SCORES, no throw by CF
|
| Bottom of the 11th over - 1 run, 2 hits, 0 errors, 0 left on base; Reno 2 - Memphis 3 |
| |
|
Game Over ... Memphis defeats Reno, 3 to 2
|
|
|